 Dungeon Crawl Stone Soup version 0.31-a0-1134-gb247575 (webtiles) character file.

Game seed: 3678653699143937845

30 PidgeyThePirate the Changeling (level 2, -1/22 HPs)
             Began as a Demigod Shapeshifter on Dec 5, 2023.
             Slain by a jackal (3 damage)
             ... on level 2 of the Dungeon.
             The game lasted 00:01:37 (939 turns).

PidgeyThePirate the Changeling (DgSh)                Turns: 939, Time: 00:01:37

Health: -1/22      AC:  2    Str: 15    XL:     2   Next: 87%
Magic:  4/4        EV: 12    Int: 12    God:
Gold:   22         SH:  0    Dex: 13    Spells: 1/1 levels left

rFire   . .          .
                       - Unarmed
rCold   . . .        (no shield)
rNeg    . . .        a - +0 animal skin
rPois   .            (helmet currently unavailable)
rElec   .            (cloak currently unavailable)
rCorr   .            (gloves currently unavailable)
SInv    .            (boots currently unavailable)
Will    .....        (no amulet)
Stlth   +            (no ring)
HPRegen 0.23/turn    (no ring)
MPRegen 0.09/turn

%: no passive effects
@: beast-form
A: beast (slay +1), high MP 1, forlorn, divine attributes
a: Begin Untransformation


You were on level 2 of the Dungeon.
You were a hulking beast.
You visited 1 branch of the dungeon, and saw 2 of its levels.

You collected 22 gold pieces.

Inventory:

Armour
 a - a +0 animal skin (worn)
Talismans
 c - a beast talisman
 d - a flux talisman
Scrolls
 e - a scroll of amnesia {unknown}
 g - a scroll of acquirement {unknown}
 h - a scroll of fog {unknown}
 k - a scroll of poison {unknown}
Potions
 b - a potion of lignification
 f - a potion of attraction {unknown}
 i - a potion of curing {unknown}
 j - a potion of heal wounds {unknown}


   Skills:
 + Level 0.8 Fighting
 + Level 2.0 Dodging
 + Level 3.0 Unarmed Combat
 + Level 3.3 Shapeshifting


You had one spell level left.
You didn't know any spells.
Your spell library was empty.

Dungeon Overview and Level Annotations

Branches:
Dungeon (2/15)


Innate Abilities, Weirdness & Mutations

You are a hulking beast.
Your limbs bulge with bestial killing power. (Slay +1)
You have an increased reservoir of magic. (+10% MP)
You shall have no god before yourself.
Your divine heritage dramatically boosts your attributes as you level up.


Message History

You kill the kobold!
The jackal bites you but does no damage.
The jackal barely misses you.
A quokka comes into view.
The jackal closely misses you. The jackal barely misses you.
The jackal bites you.
Things that are here:
a +0 whip; a kobold corpse You hit the jackal.
The jackal is heavily wounded.
The jackal bites you. The jackal barely misses you. The jackal bites you.
You barely miss the jackal.
The jackal is heavily wounded.
The jackal closely misses you. The jackal barely misses you.
The jackal bites you.
You hit the jackal but do no damage.
The jackal is heavily wounded.
The jackal completely misses you. The jackal bites you. x3
The jackal misses you.
The jackal bites you but does no damage.
You hit the jackal.
You kill the jackal!
The jackal bites you but does no damage.
The jackal barely misses you. The jackal closely misses you.
The jackal bites you.
You hit the jackal.
You kill the jackal!
The jackal barely misses you. The jackal bites you.
The quokka closely misses you.
Your Dodging skill increases to level 2!
You hit the quokka.
The quokka is heavily wounded.
The jackal bites you. The quokka bites you.
* * * LOW HITPOINT WARNING * * *
You closely miss the quokka.
The quokka is heavily wounded.
The jackal closely misses you. The quokka bites you.
* * * LOW HITPOINT WARNING * * *
The jackal bites you.
You die...

# #.
###.######
.........#
......rh.#
......h).#
##########


You could see a quokka and a jackal.

Vanquished Creatures
  A dart slug (D:1)
  6 bats (D:1)
  2 endoplasms (D:1)
  2 goblins (D:1)
  5 hobgoblins (D:1)
  2 jackals (D:2)
  3 ball pythons (D:1)
  A frilled lizard (D:1)
  A kobold (D:2)
  2 rats (D:1)
25 creatures vanquished.

Notes
Turn   | Place    | Note
-------+----------+-------------------------------------------
     0 | D:1      | PidgeyThePirate the Demigod Shapeshifter began the quest
                  | for the Orb.
     0 | D:1      | Reached XP level 1. HP: 15/15 MP: 3/3
   198 | D:1      | Reached XP level 2. HP: 16/22 MP: 4/4
   939 | D:2      | Slain by a jackal

Illustrated notes

Levels and vault maps discovered:
D:1:      minmay_arrival_floating_metal, layout_basic
D:2:      layout_rooms, shapermc_ecumenical_altar_petra,
          amcnicky_mini_rare_corridor_liquid, cheibrodos_gnoll_hut

Skill      XL: |  1  2 |
---------------+-------+-----
Shapeshifting  | 3 |  3.3
Unarmed Combat | 3 |  3.0
Dodging        | 2 |  2.0
Fighting       | |  0.8

Action                     || total
---------------------------++-------
  Melee: Unarmed           ||    76
         Punch             ||     3
 Armour: Animal skin       ||    64
  Dodge: Dodged            ||    65

Table legend: (Time is in decaauts)
 A = Elapsed time spent in this place.
 B = Non-inter-level travel time spent in this place.
 C = Inter-level travel time spent in this place.
 D = Time resting spent in this place.
 E = Time spent auto-exploring this place.
 F = Levels seen in this place.
 G = Mean time per level.
                   A        B        C        D        E       F      G
               +--------+--------+--------+--------+--------+-----+--------+
         Total |    956 |    939 |     17 |      0 |    751 |   2 |  478.0 |
       Dungeon |    956 |    939 |     17 |      0 |    751 |   2 |  478.0 |
               +--------+--------+--------+--------+--------+-----+--------+

Top non-repeatable levels by time:
     D:1: 943 daAuts
     D:2: 13 daAuts
